General information
- name: BNet
- type: Ladder team game (AT/RT)
- host: Battle.net
- saver: TEAL-SUX.
map: GolemsInTheMist
- players: 8
- length: 13:33
- speed: Fast
- version: 1.26 W3XP
- replay type: Public
» download(88 KB)
Players
team 1 (winner)
bISmaRCk (
green | 69 APM | 938 actions | 13:33)
5 Death Knight
1 Death Coil
1 Unholy Aura
3 Death Pact
» actions
| Assign group hotkey | 24 | |
| Basic commands | 1 | |
| Build / train | 48 | |
| Enter build submenu | 19 | |
| Enter hero's abilities submenu | 5 | |
| Right click | 238 | |
| Select / deselect | 280 | |
| Select group hotkey | 277 | |
| Use ability | 46 | |
938 total
» units
| Acolyte | 12 | |
| Ghoul | 3 | |
| Crypt Fiend | 6 | |
| Gargoyle | 4 | |
25 total
» upgrades
| Creature Attack | 1 | |
| Creature Carapace | 1 | |
2 total
» buildings
| Graveyard | 1 | |
| Crypt | 4 | |
| Altar of Darkness | 1 | |
| Ziggurat | 7 | |
| Tomb of Relics | 1 | |
| Spirit Tower | 4 | |
| Nerubian Tower | 1 | |
| Halls of the Dead | 1 | |
20 total
» build order
00:09 Graveyard
00:20 Crypt
00:42 Altar of Darkness
00:58 Ziggurat
01:30 Tomb of Relics
02:01 Ziggurat
03:52 Ziggurat
04:54 Ziggurat
05:13 Spirit Tower
05:45 Ziggurat
06:14 Nerubian Tower
06:25 Ziggurat
08:59 Halls of the Dead
09:07 Crypt
09:10 Crypt
09:13 Crypt
09:19 Spirit Tower
09:31 Spirit Tower
09:39 Spirit Tower
12:38 Ziggurat
» items
| Rod of Necromancy | 4 | |
| Sacrificial Skull | 1 | |
| Dust of Appearance | 2 | |
7 total
TheLastPrime (
red | 36 APM | 489 actions | 13:33)
3 Archmage
2 Summon Water Elemental
1 Brilliance Aura
» actions
| Assign group hotkey | 5 | |
| Basic commands | 2 | |
| Build / train | 35 | |
| Enter build submenu | 15 | |
| Enter hero's abilities submenu | 3 | |
| Right click | 229 | |
| Select / deselect | 146 | |
| Select group hotkey | 31 | |
| Use ability | 23 | |
489 total
» units
| Peasant | 7 | |
| Footman | 6 | |
| Mortar Team | 6 | |
| Crypt Fiend | 2 | |
21 total
» upgrades
| Gunpowder | 2 | |
| Armor | 1 | |
| Lumber Harvesting | 1 | |
| Masonry | 2 | |
| Flare | 1 | |
7 total
» buildings
| Altar of Kings | 1 | |
| Farm | 7 | |
| Blacksmith | 1 | |
| Barracks | 1 | |
| Arcane Vault | 1 | |
| Keep | 1 | |
| Lumber Mill | 1 | |
| Workshop | 2 | |
| Castle | 1 | |
16 total
» build order
00:30 Altar of Kings
00:32 Farm
00:35 Blacksmith
00:54 Farm
01:48 Farm
02:08 Barracks
02:26 Farm
03:01 Arcane Vault
04:02 Keep
05:34 Lumber Mill
06:30 Workshop
06:38 Workshop
07:19 Farm
07:20 Farm
09:19 Farm
11:10 Castle
» items
safas (
yellow | 38 APM | 422 actions | 11:00)
3 Dreadlord
2 Vampiric Aura
1 Sleep
» actions
| Basic commands | 7 | |
| Build / train | 26 | |
| Enter build submenu | 11 | |
| Enter hero's abilities submenu | 3 | |
| Right click | 185 | |
| Select / deselect | 164 | |
| Use ability | 26 | |
422 total
» units
| Acolyte | 3 | |
| Ghoul | 12 | |
| Goblin Shredder | 1 | |
16 total
» upgrades
» buildings
| Ziggurat | 4 | |
| Crypt | 2 | |
| Nerubian Tower | 1 | |
| Altar of Darkness | 1 | |
| Tomb of Relics | 1 | |
| Halls of the Dead | 1 | |
| Black Citadel | 1 | |
| Sacrificial Pit | 1 | |
| Graveyard | 1 | |
13 total
» build order
00:10 Ziggurat
00:14 Crypt
00:48 Crypt
01:06 Nerubian Tower
01:29 Altar of Darkness
02:14 Ziggurat
02:30 Ziggurat
02:47 Tomb of Relics
05:58 Halls of the Dead
06:52 Ziggurat
08:41 Black Citadel
09:24 Sacrificial Pit
09:36 Graveyard
» items

»
tegfhfrsh (
blue | 67 APM | 761 actions | 11:24)
2 Tauren Chieftain
1 Endurance Aura
1 Shockwave
» actions
| Assign group hotkey | 7 | |
| Build / train | 27 | |
| Enter build submenu | 14 | |
| Enter hero's abilities submenu | 2 | |
| Right click | 532 | |
| Select / deselect | 131 | |
| Select group hotkey | 27 | |
| Use ability | 21 | |
761 total
» units
» upgrades
| Armor | 1 | |
| Berserker Strength | 1 | |
2 total
» buildings
| Orc Burrow | 3 | |
| Altar of Storms | 1 | |
| Barracks | 3 | |
| Voodoo Lounge | 1 | |
| War Mill | 1 | |
| Stronghold | 1 | |
| Fortress | 1 | |
| Spirit Lodge | 3 | |
14 total
» build order
00:09 Orc Burrow
00:12 Altar of Storms
01:13 Orc Burrow
01:46 Barracks
01:57 Barracks
02:11 Barracks
02:27 Orc Burrow
03:00 Voodoo Lounge
03:09 War Mill
05:44 Stronghold
08:18 Fortress
08:29 Spirit Lodge
08:37 Spirit Lodge
09:02 Spirit Lodge
» items
| Scroll of Town Portal | 1 | |
| Scroll of Speed | 1 | |
| Potion of Healing | 1 | |
3 total
team 2 (loser)

»
DoTheDinosaur (
orange | 47 APM | 644 actions | 13:33)
5 Tauren Chieftain
3 War Stomp
2 Endurance Aura
1 Shadow Hunter
1 Healing Wave
» actions
| Assign group hotkey | 9 | |
| Basic commands | 3 | |
| Build / train | 43 | |
| Enter build submenu | 15 | |
| Enter hero's abilities submenu | 6 | |
| Right click | 289 | |
| Select / deselect | 235 | |
| Select group hotkey | 12 | |
| Use ability | 32 | |
644 total
» units
| Peon | 17 | |
| Troll Headhunter/Berserker | 13 | |
30 total
» upgrades
» buildings
| Altar of Storms | 1 | |
| Orc Burrow | 6 | |
| War Mill | 1 | |
| Barracks | 2 | |
| Voodoo Lounge | 1 | |
| Stronghold | 1 | |
| Beastiary | 2 | |
14 total
» build order
00:07 Altar of Storms
00:10 Orc Burrow
00:58 War Mill
01:12 Barracks
01:41 Orc Burrow
02:20 Barracks
02:34 Voodoo Lounge
03:41 Orc Burrow
04:56 Stronghold
05:09 Orc Burrow
11:08 Orc Burrow
11:33 Orc Burrow
12:02 Beastiary
12:53 Beastiary
» items
AFG_UNIT (
teal | 50 APM | 673 actions | 13:33)
4 Blademaster
2 Wind Walk
2 Critical Strike
» actions
| Basic commands | 1 | |
| Build / train | 37 | |
| Enter build submenu | 23 | |
| Enter hero's abilities submenu | 4 | |
| Give item / drop item | 1 | |
| Right click | 399 | |
| Select / deselect | 168 | |
| Use ability | 40 | |
673 total
» units
| Peon | 9 | |
| Grunt | 6 | |
| Tauren | 1 | |
| Shaman | 2 | |
18 total
» upgrades
| Melee Weapons | 2 | |
| Shaman Training | 2 | |
| Armor | 1 | |
| Pulverize | 1 | |
6 total
» buildings
| Altar of Storms | 1 | |
| Orc Burrow | 8 | |
| Barracks | 2 | |
| Voodoo Lounge | 1 | |
| War Mill | 1 | |
| Watch Tower | 4 | |
| Stronghold | 1 | |
| Fortress | 1 | |
| Spirit Lodge | 1 | |
| Tauren Totem | 2 | |
| Great Hall | 1 | |
23 total
» build order
00:04 Altar of Storms
00:06 Orc Burrow
00:47 Barracks
01:01 Barracks
01:18 Orc Burrow
01:39 Voodoo Lounge
02:55 War Mill
03:11 Orc Burrow
04:11 Watch Tower
04:17 Watch Tower
04:29 Watch Tower
05:10 Stronghold
05:24 Watch Tower
06:48 Orc Burrow
08:07 Orc Burrow
08:47 Fortress
08:48 Spirit Lodge
09:24 Orc Burrow
11:05 Orc Burrow
11:16 Tauren Totem
11:21 Tauren Totem
12:03 Orc Burrow
12:47 Great Hall
» items
| Healing Salve | 2 | |
| Lesser Clarity Potion | 2 | |
| Orb of Lightning | 1 | |
5 total
murderotica11 (
purple | 37 APM | 501 actions | 13:33)
4 Death Knight
2 Death Coil
2 Unholy Aura
» actions
| Assign group hotkey | 4 | |
| Basic commands | 6 | |
| Build / train | 48 | |
| Enter build submenu | 19 | |
| Enter hero's abilities submenu | 4 | |
| Remove unit from queue | 1 | |
| Right click | 245 | |
| Select / deselect | 140 | |
| Select group hotkey | 8 | |
| Use ability | 25 | |
501 total
» units
| Acolyte | 3 | |
| Ghoul | 15 | |
| Crypt Fiend | 4 | |
| Frost Wyrm | 5 | |
27 total
» upgrades
| Creature Attack | 2 | |
| Creature Carapace | 2 | |
| Web | 1 | |
| Freezing Breath | 1 | |
6 total
» buildings
| Ziggurat | 4 | |
| Crypt | 1 | |
| Altar of Darkness | 1 | |
| Graveyard | 1 | |
| Halls of the Dead | 2 | |
| Black Citadel | 2 | |
| Sacrificial Pit | 1 | |
| Boneyard | 1 | |
13 total
» build order
00:11 Ziggurat
00:15 Crypt
00:47 Altar of Darkness
01:50 Ziggurat
02:22 Ziggurat
02:51 Ziggurat
03:05 Graveyard
04:07 Halls of the Dead
06:35 Black Citadel
06:35 Black Citadel
09:05 Sacrificial Pit
10:58 Boneyard
» items
| Scroll of Town Portal | 2 | |
| Lesser Clarity Potion | 1 | |
3 total
TEAL-SUX. (
pink | 51 APM | 691 actions | 13:33)
2 Blood Mage
1 Flame Strike
1 Banish
» actions
| Assign group hotkey | 21 | |
| Build / train | 49 | |
| Enter build submenu | 22 | |
| Enter hero's abilities submenu | 2 | |
| Give item / drop item | 1 | |
| Right click | 186 | |
| Select / deselect | 159 | |
| Select group hotkey | 190 | |
| Use ability | 61 | |
691 total
» units
| Peasant | 15 | |
| Footman | 4 | |
| Goblin Shredder | 2 | |
21 total
» upgrades
| Masonry | 2 | |
| Swords | 2 | |
| Armor | 1 | |
| Lumber Harvesting | 1 | |
6 total
» buildings
| Altar of Kings | 1 | |
| Barracks | 1 | |
| Farm | 12 | |
| Scout Tower | 16 | |
| Arcane Tower | 1 | |
| Lumber Mill | 2 | |
| Arcane Vault | 1 | |
| Town Hall | 2 | |
| Guard Tower | 7 | |
| Keep | 4 | |
| Blacksmith | 1 | |
| Castle | 1 | |
| Gryphon Aviary | 4 | |
53 total
» build order
00:08 Altar of Kings
00:22 Barracks
00:37 Farm
00:54 Farm
01:36 Scout Tower
01:42 Farm
02:05 Arcane Tower
02:35 Farm
02:47 Lumber Mill
03:40 Arcane Vault
03:58 Town Hall
04:00 Scout Tower
04:01 Scout Tower
05:32 Guard Tower
05:43 Farm
05:55 Scout Tower
05:56 Scout Tower
05:57 Scout Tower
05:58 Scout Tower
05:59 Scout Tower
06:00 Scout Tower
06:01 Scout Tower
06:02 Scout Tower
06:03 Scout Tower
06:37 Guard Tower
07:02 Guard Tower
07:04 Guard Tower
07:13 Farm
07:14 Farm
07:14 Farm
07:15 Farm
07:35 Guard Tower
07:50 Keep
07:50 Keep
08:46 Blacksmith
09:08 Town Hall
09:12 Scout Tower
09:12 Scout Tower
09:13 Scout Tower
09:13 Scout Tower
09:22 Farm
09:22 Farm
09:24 Farm
09:42 Guard Tower
09:45 Guard Tower
09:54 Lumber Mill
10:15 Castle
10:19 Gryphon Aviary
10:38 Gryphon Aviary
10:38 Gryphon Aviary
10:46 Gryphon Aviary
12:33 Keep
» items
| Scroll of Regeneration | 2 | |
| Lesser Clarity Potion | 1 | |
| Scroll of Town Portal | 2 | |
| Potion of Mana | 1 | |
6 total
Chat log
(01:40 / Allies) murderotica11: no tavern
(01:42 / Allies) murderotica11: shit
(01:52 / Allies) TEAL-SUX.: this map was pro with tavern
(02:41 / Allies) AFG_UNIT: they mite rush
(02:42 / Allies) murderotica11: looks like rush
(02:44 / Allies) AFG_UNIT: double crypts
(03:42 / Allies) TEAL-SUX.: 100 wood
(11:02 / Allies) AFG_UNIT: LOL
(11:31 / Allies) AFG_UNIT: just cause i killed his hero
(11:32 / Allies) AFG_UNIT: he left
(11:33 / Allies) AFG_UNIT: xD
(12:06 / Allies) murderotica11: wood plz
(12:23 / All) TEAL-SUX.: RED
(12:29 / All) TEAL-SUX.: WOW
(12:37 / All) TheLastPrime: my team is gone
(12:44 / All) TEAL-SUX.: FUCKING IDIOT
(12:45 / All) TEAL-SUX.: I WAS GONNA STAB
(12:48 / All) TEAL-SUX.: GOD UR A STUPID GOOK
(12:50 / All) TheLastPrime: i got nothing else to do
(12:55 / All) TEAL-SUX.: SHUT UP IDOIT
(12:57 / All) TEAL-SUX.: I WAS GONNA STAB
(12:59 / Allies) TEAL-SUX.: GOD UR FUCKING STUPID
(13:00 / All) TheLastPrime: lol
(13:03 / All) TEAL-SUX.: FAGGOT
(13:03 / All) TEAL-SUX.: LEAVE
(13:06 / All) TheLastPrime: 1
(13:08 / Allies) AFG_UNIT: pink is gonna tk
(13:10 / All) TEAL-SUX.: UR HORRIBLE
(13:11 / All) TEAL-SUX.: MAN
(13:12 / Allies) TEAL-SUX.: FUCKING IDIOT
(13:19 / All) TheLastPrime: lol.
(13:25 / All) TEAL-SUX.: all u had to do was whisper me